 Dungeon Crawl Stone Soup version 0.28-a0-479-g5baa6b73be (webtiles) character file.

Game seed: 14971776668222485398

38 siradein the Conjurer (level 3, 0/19 HPs)
             Began as a Tengu Conjurer on Sept 17, 2021.
             Slain by a frilled lizard (1 damage)
             ... on level 1 of the Dungeon.
             The game lasted 00:02:54 (1363 turns).

siradein the Conjurer (Tengu Conjurer)              Turns: 1363, Time: 00:02:56

Health: 0/19       AC:  2    Str:  7    XL:     3   Next: 43%
Magic:  7/7        EV: 12    Int: 19    God:
Gold:   38         SH:  0    Dex: 12    Spells: 4/7 levels left

rFire   . . .      SeeInvis .   (no weapon)
rCold   . . .      Faith    .   (no shield)
rNeg    . . .      Spirit   .   a - +0 robe
rPois   .          Reflect  .   (helmet restricted)
rElec   .          Harm     .   (no cloak)
rCorr   .          Rampage  .   (no gloves)
Will    .....                   (boots unavailable)
Stlth   ++........              (no amulet)
HPRegen 0.06/turn               (no ring)
MPRegen 0.10/turn               (no ring)

@: no status effects
A: beak, talons 3
a: no special abilities


You were on level 1 of the Dungeon.
You visited 1 branch of the dungeon, and saw 2 of its levels.

You collected 38 gold pieces.

Inventory:

Armour
 a - a +0 robe (worn)
Scrolls
 c - a scroll of immolation {unknown}
 d - a scroll of identify {unknown}
Potions
 b - a potion of curing {unknown}


   Skills:
 + Level 3.0 Dodging
 - Level 2.0 Stealth
 + Level 2.5 Spellcasting
 + Level 5.8 Conjurations


You had 4 spell levels left.
You knew the following spells:

 Your Spells              Type           Power      Damage    Failure   Level
a - Magic Dart            Conj           96%        1d7       1%          1
b - Searing Ray           Conj           48%        2d6       2%          2

Your spell library contained the following spells:

 Spells                   Type           Power      Damage    Failure   Level
 Dazzling Flash           Conj/Hex       26%        N/A       14%         3
 Tukima's Dance           Hex            2%         N/A       43%         3
 Fulminant Prism          Conj/Hex       6%         3d7       43%         4
 Iskenderun's Mystic Bla  Conj/Tloc      13%        2d5       43%         4
 Passage of Golubria      Tloc           N/A        N/A       85%         4
 Yara's Violent Unravell  Hex/Tmut       1%         3d3       99%         5


Dungeon Overview and Level Annotations

Branches:
Dungeon (2/15)

Altars:

Shops:
D:1 !


Innate Abilities, Weirdness & Mutations

You have a beak for a mouth.
You have claws for feet.


Message History

Press: ? - help, Shift-Dir - straight line, f - jackal
Aim: a jackal (74% to hit)
The searing ray hits the jackal.
The jackal is heavily wounded.
The searing ray hits the jackal.
You kill the jackal! (Press . to maintain the ray.)
The jackal barely misses you.
The searing ray hits the jackal.
You kill the jackal!
You see here a jackal corpse.
You see here a jackal corpse.
There is a stone staircase leading down here.
You start resting.
Magic restored.
You start resting.
HP restored.
You climb downwards.
The adder misses you. The goblin hits you with a +0 club.
The jackal closely misses you. The adder bites you.
You are poisoned.
The adder poisons you! The jackal bites you.
The frilled lizard bites you but does no damage.
The goblin hits you but does no damage.
There is a stone staircase leading up, spattered with blood here.
You feel sick. The adder closely misses you. The jackal closely misses you.
The goblin barely misses you. The frilled lizard bites you.
You climb upwards.
You feel sick.
There is a stone staircase leading down here.
You feel sick.
The frilled lizard hisses.
The adder closely misses you. The goblin hits you with a +0 club.
* * * LOW HITPOINT WARNING * * *
The jackal misses you.
You barely miss the jackal.
You feel sick.
You are no longer poisoned.
The adder bites you.
* * * LOW HITPOINT WARNING * * *
The jackal bites you but does no damage.
The goblin barely misses you. The frilled lizard bites you.
You die...

....................####
....................#
....................#
............#.......#
+#####......#...##### .#
#......##..# .# #......##..#
.# #......###h####### .#
#.........g@.....#
.#####...######lS.....###
.#...'...# #...........####
.#.###...# #.#............#
.#.# #...####+#............#
.#.###...##................#
.#..............#..........#
.#####.####.....#..........#
.....#.# #.....#..........#


You could see an adder, a jackal, a goblin and a frilled lizard.

Vanquished Creatures
  A ball python (D:1)
  4 bats (D:1)
  3 endoplasms (D:1)
  2 giant cockroaches (D:1)
  2 goblins (D:1)
  4 hobgoblins (D:1)
  7 jackals (D:1)
  2 frilled lizards (D:1)
  4 kobolds (D:1)
  4 rats (D:1)
33 creatures vanquished.

Notes
Turn   | Place    | Note
-------+----------+-------------------------------------------
     0 | D:1      | siradein the Tengu Conjurer began the quest for the Orb.
     0 | D:1      | Reached XP level 1. HP: 10/10 MP: 4/4
   196 | D:1      | Reached XP level 2. HP: 15/15 MP: 0/6
   425 | D:1      | Found Fautz's Distillery.
   628 | D:1      | Reached XP level 3. HP: 19/19 MP: 3/7
   636 | D:1      | Learned a level 2 spell: Searing Ray
   686 | D:1      | Found a faded altar of an unknown god.
  1363 | D:1      | Slain by a frilled lizard

Illustrated notes

Levels and vault maps discovered:
D:1:      mainiacjoe_arrival_reflecting_pool, layout_basic,
          hellmonk_ecumenical_altar_arch_garden, serial_shops, shop
D:2:      layout_basic, serial_bayou_lake_a, uniq_robin, uniq_terence,
          uniq_sigmund

Skill      XL: |  1  2  3 |
---------------+----------+-----
Dodging        | 3 |  3.0
Stealth        | |  2.0
Spellcasting   | |  2.5
Conjurations   | |  5.8

Action                   || total
-------------------------++-------
Melee: Unarmed           ||     1
 Cast: Magic Dart        ||    63
       Searing Ray       ||     1
Armor: Robe              ||     6
Dodge: Dodged            ||    18

Table legend: (Time is in decaauts)
 A = Elapsed time spent in this place.
 B = Non-inter-level travel time spent in this place.
 C = Inter-level travel time spent in this place.
 D = Time resting spent in this place.
 E = Time spent auto-exploring this place.
 F = Levels seen in this place.
 G = Mean time per level.
                   A        B        C        D        E       F      G
               +--------+--------+--------+--------+--------+-----+--------+
         Total |   1365 |   1347 |     18 |    136 |   1037 |   2 |  682.5 |
       Dungeon |   1365 |   1347 |     18 |    136 |   1037 |   2 |  682.5 |
               +--------+--------+--------+--------+--------+-----+--------+

Top non-repeatable levels by time:
     D:1: 1358 daAuts
     D:2: 6 daAuts
